 Dungeon Crawl Stone Soup version 0.30-a0-381-g6ea064c7b4 (webtiles) character file.

Game seed: 6263790360523665093

473 retardedninja the Trooper (level 7, 0/54 HPs)
             Began as a Hill Orc Fighter on Dec 1, 2022.
             Was an Initiate of Gozag.
             Slain by an ice beast (9 damage)
             ... on level 5 of the Dungeon.
             The game lasted 00:05:00 (4174 turns).

retardedninja the Trooper (Hill Orc Fighter)        Turns: 4174, Time: 00:05:01

Health: 0/54       AC:  8    Str: 21    XL:     7   Next: 10%
Magic:  7/7        EV:  9    Int:  8    God:    Gozag
Gold:   582        SH:  5    Dex: 10    Spells: 6/6 levels left

rFire   . . .      SeeInvis .    a - +0 war axe
rCold   . . .      Faith    .    c - +0 buckler
rNeg    . . .      Spirit   .    b - +0 scale mail
rPois   .          Reflect  .    h - +0 helmet
rElec   .          Harm     .    (no cloak)
rCorr   .          Rampage  .    (no gloves)
Will    +....                    (no boots)
Stlth   ..........               (no amulet)
HPRegen 0.29/turn                (no ring)
MPRegen 0.10/turn                (no ring)

@: mighty
A: frail 1, strong-willed 1
a: Renounce Religion, Potion Petition, Call Merchant, Bribe Branch


You were on level 5 of the Dungeon.
You worshipped Gozag.
Gozag was pleased with you.
You visited 1 branch of the dungeon, and saw 5 of its levels.

You collected 582 gold pieces.

Inventory:

Hand Weapons
 a - a +0 war axe (weapon)
Armour
 b - a +0 scale mail (worn)
 c - a +0 buckler (worn)
 h - a +0 helmet (worn)
Wands
 f - a wand of flame (22)
 p - a wand of iceblast (13)
Scrolls
 g - 4 scrolls of magic mapping
 i - a scroll of blinking {unknown}
 o - a scroll of amnesia
 r - 2 scrolls of identify
 s - a scroll of immolation {unknown}
Potions
 d - 2 potions of might
 e - 2 potions of cancellation
 j - 2 potions of magic {unknown}
 k - a potion of heal wounds {unknown}
 l - a potion of mutation
 m - 2 potions of curing
 n - 3 potions of berserk rage {unknown}
 q - a potion of flight {unknown}


   Skills:
 + Level 5.5 Fighting
 + Level 5.3 Axes
 + Level 5.1 Armour
 + Level 5.1 Shields


You had 6 spell levels left.
You didn't know any spells.
Your spell library contained the following spells:

 Spells                   Type           Power      Damage    Failure   Level
 Slow                     Hex            0%         N/A       82%         1
 Cigotuvi's Dreadful Rot  Necr/Pois/Air  0%         N/A       91%         2
 Poisonous Vapours        Pois/Air       0%         N/A       91%         2
 Confusing Touch          Hex            0%         N/A       99%         3
 Mephitic Cloud           Conj/Pois/Air  0%         N/A       99%         3
 Vampiric Draining        Necr           0%         2d6       99%         3


Dungeon Overview and Level Annotations

Branches:
Dungeon (5/15)             Temple (0/1) D:4

Altars:
Gozag
Okawaru
Zin


Innate Abilities, Weirdness & Mutations

You are frail. (-10% HP)
You are strong-willed. (Will+)


Message History

The ice beast is lightly wounded.
The ice beast hits you but does no damage. x2
You barely miss the ice beast.
The ice beast is lightly wounded.
The ice beast closely misses you.
You closely miss the ice beast.
The ice beast is lightly wounded.
The ice beast hits you. The ice beast freezes you.
You closely miss the ice beast.
The ice beast is lightly wounded.
The ice beast hits you. The ice beast freezes you!
You block the ice beast's attack.
You hit the ice beast but do no damage.
The ice beast is lightly wounded.
The ice beast hits you but does no damage.
You hit the ice beast.
The ice beast is lightly wounded.
The ice beast hits you. The ice beast freezes you.
You are too injured to fight recklessly!
You are too injured to fight recklessly!
You are too injured to fight recklessly!
You are too injured to fight recklessly!
You are too injured to fight recklessly!
You are too injured to fight recklessly!
You are too injured to fight recklessly!
You are too injured to fight recklessly!
You feel very mighty all of a sudden. The ice beast hits you.
The ice beast freezes you!
* * * LOW HITPOINT WARNING * * *
You slash the ice beast!
The ice beast is heavily wounded.
The ice beast closely misses you.
You slash the ice beast!
The ice beast is almost dead.
The ice beast hits you but does no damage.
The ice beast hits you.
* * * LOW HITPOINT WARNING * * *
The ice beast freezes you!
You die...
Your body crumbles into a pile of gold.

.# ## #.# $# #. ..##.#
#### #.#?.# #.#. ###
#.#..# ####.. # #..
#<#..# #.#... #)#.#
#.#Y<# ##....
.###.#.#######.#@.#
#.#...
..................## .#
.# ##...#
######.#########..#...#..
#.^..# #.....# #.##.#.#.#
#..#.# #.###.# #.# .#.#.#
###..#. #.# #.#
#.##.#...# #..#..# #.#
#.# #.#.##...####..#.#
##.###.#
#.#.#..#..#.#.....
.......#
#.....###.....8.8.


You could see an ice beast.

Vanquished Creatures
  A scorpion (D:5)
  A necrophage (D:5)
  A wight (D:3)
  2 hounds (D:4)
  3 iguanas
  Terence (D:2)
  4 adders
  3 worms
  A dart slug (D:2)
  2 orcs (D:4)
  9 endoplasms
  6 giant cockroaches
  8 goblins
  7 hobgoblins
  4 jackals (D:5)
  8 kobolds
  9 quokkas
  11 ball pythons
  3 bats
  2 frilled lizards (D:1)
  10 rats
96 creatures vanquished.

Notes
Turn   | Place    | Note
-------+----------+-------------------------------------------
     0 | D:1      | retardedninja the Hill Orc Fighter began the quest for the
                  | Orb.
     0 | D:1      | Reached XP level 1. HP: 19/19 MP: 1/1
   131 | D:1      | Reached XP level 2. HP: 27/27 MP: 2/2
   423 | D:1      | Reached XP level 3. HP: 28/33 MP: 3/3
  1150 | D:2      | Found a faded altar of an unknown god.
  1203 | D:2      | Identified the +1 robe "Fuazy" {rCorr Int-5 Slay+5 Stlth+}
  1214 | D:2      | Prayed at the altar of an unknown god.
  1214 | D:2      | Became a worshipper of Gozag Ym Sagoz the Greedy
  1492 | D:2      | Identified the +7 sling "Orb Guardian's Doom" {flame, rPois
                  | rCorr Str+3 Dex-2}
  1624 | D:2      | Reached XP level 4. HP: 40/40 MP: 4/4
  1766 | D:2      | Noticed Terence
  1775 | D:2      | Killed Terence
  2252 | D:3      | Reached XP level 5. HP: 21/47 MP: 5/5
  2262 | D:3      | Gained mutation: You are frail. (-10% HP) [potion of
                  | mutation]
  2262 | D:3      | Gained mutation: You are strong-willed. (Will+) [potion of
                  | mutation]
  2932 | D:4      | Found a staircase to the Ecumenical Temple.
  3027 | D:4      | Found an iron altar of Okawaru.
  3238 | D:4      | Reached XP level 6. HP: 42/49 MP: 6/6
  3500 | D:4      | Reached skill level 5 in Fighting
  3852 | D:5      | Entered Level 5 of the Dungeon
  3854 | D:5      | Found a glowing silver altar of Zin.
  3943 | D:5      | Reached skill level 5 in Axes
  3943 | D:5      | Reached skill level 5 in Armour
  3959 | D:5      | Reached skill level 5 in Shields
  4017 | D:5      | Reached XP level 7. HP: 44/54 MP: 7/7
  4174 | D:5      | Slain by an ice beast

Illustrated notes

Levels and vault maps discovered:
D:1:      giann_forest_graveyard, layout_basic, serial_glass, glass_columns_a,
          glass_columns_c, minivault_4
D:2:      layout_basic, ebering_ecumenical_altar_sacrificial, kennysheep_nub,
          uniq_terence
D:3:      layout_basic, minmay_diced_spiral
D:4:      layout_rooms, kennysheep_okawaru_gauntlet,
          minmay_temple_entry_antechambers, minmay_fractal_squares_gapless_5
D:5:      wad_crossroads, layout_loops_ring, mainiacjoe_overflow_paths,
          mainiacjoe_overflow_brackets, grunt_ashenzari_visionary
          [grunt_ashenzari_visionary_swamp, grunt_ashenzari_visionary_snake]

Skill      XL: |  1  2  3  4  5  6 |
---------------+-------------------+-----
Axes           | 3 4 5 |  5.3
Fighting       | 4 5 |  5.5
Armour         | 4 5 |  5.1
Shields        | 4 5 |  5.1

Action                   |  1- 3 |  4- 6 |  7- 9 || total
-------------------------+-------+-------+-------++-------
Melee: War axe           |   131 |   161 |    14 ||   306
  Use: Scroll            |       |     5 |       ||     5
       Potion            |       |     3 |     1 ||     4
Armor: Scale mail        |    58 |    75 |     6 ||   139
Dodge: Dodged            |    56 |    71 |     4 ||   131
Block: Buckler           |    23 |    37 |     3 ||    63

Table legend: (Time is in decaauts)
 A = Elapsed time spent in this place.
 B = Non-inter-level travel time spent in this place.
 C = Inter-level travel time spent in this place.
 D = Time resting spent in this place.
 E = Time spent auto-exploring this place.
 F = Levels seen in this place.
 G = Mean time per level.
                   A        B        C        D        E       F      G
               +--------+--------+--------+--------+--------+-----+--------+
         Total |   4279 |   4206 |     73 |    835 |   2606 |   5 |  855.8 |
       Dungeon |   4279 |   4206 |     73 |    835 |   2606 |   5 |  855.8 |
               +--------+--------+--------+--------+--------+-----+--------+

Top non-repeatable levels by time:
     D:1: 1174 daAuts
     D:4: 965 daAuts
     D:3: 917 daAuts
     D:2: 887 daAuts
     D:5: 334 daAuts
